 Dungeon Sprint DCSS version 0.30.1 (webtiles) character file.

Game seed: 6078048433447452081

90 boopmooplesden the Trooper (level 4, -1/60 HPs)
             Began as a Demonspawn Berserker on July 8, 2023.
             Was a Believer of Trog.
             Killed by divine providence
             ... invoked by an oklob sapling priest
              (14 damage)
             ... in the Dungeon (Sprint IV: "Fedhas' Mad Dash").
             The game lasted 00:00:30 (408 turns).

boopmooplesden the Trooper (Demonspawn Berserker)    Turns: 408, Time: 00:00:30

Health: -1/60      AC: -1    Str: 19    XL:     4   Next: 32%
Magic:  4/4        EV: 12    Int:  9    God:    Trog [**....]
Gold:   70         SH:  0    Dex: 12    Spells: 3/3 levels left

rFire   . . .        a - +0 spear
rCold   . . .        (no shield)
rNeg    . . .        b - +0 animal skin
rPois   .            (no helmet)
rElec   .            (no cloak)
rCorr   .            (no gloves)
SInv    .            (no boots)
Will    .....        i - amulet of invisibility {+Inv} Stlth
                     (no ring)
HPRegen 0.30/turn    (no ring)
MPRegen 0.09/turn

%: no teleportation
@: berserking, corroded, very slightly contaminated, very quick
A: spiny 1
a: Renounce Religion, Evoke Invisibility, Berserk, Trog's Hand


You were in the Dungeon.
You worshipped Trog.
Trog was pleased with you.
You visited 1 branch You collected 70 gold pieces.

Inventory:

Hand Weapons
 a - a +0 spear (weapon)
Armour
 b - a +0 animal skin (worn)
Jewellery
 i - the amulet of invisibility (around neck) {+Inv}
   (You found it in the Dungeon)

   [amulet of nothing]

   +Inv:      It lets you turn invisible.
Scrolls
 h - a scroll of blinking
 j - a scroll of amnesia {unknown}
Potions
 c - a potion of curing
 d - a potion of heal wounds
 e - a potion of haste
 f - 2 potions of magic
 g - a potion of berserk rage


   Skills:
 + Level 6.0 Fighting
 + Level 5.7 Polearms
 + Level 3.0 Armour
 + Level 3.0 Dodging
 + Level 0.1 Stealth


You had 3 spell levels left.
You didn't know any spells.
Your spell library was empty.

Dungeon Overview and Level Annotations

Branches:
Dungeon (1/1)

Altars:
Cheibriados
Dithmenos
Gozag
Hepliaklqana
Kikubaaqudgha
Makhleb
Nemelex Xobeh
Okawaru
Qazlal
Ru
Sif Muna
Trog
Uskayaw
Vehumet
Wu Jian
Xom
Yredelemnul
Jiyva
Lugonu

Annotations:
D exclusion: oklob sapling


Innate Abilities, Weirdness & Mutations

You are partially covered in sharp spines.


Message History

You open the door.
Found four altars.
An oklob sapling priest comes into view.
Found nine altars.
Marking area around an oklob sapling priest as unsafe for travelling.
There is an open door here.
Found three altars.
Found two altars.
Found three altars.
There is an opulent altar of Gozag here.
Found a corrupted altar of Lugonu and a radiant altar of Vehumet.
There is a hazy altar of Hepliaklqana here.
You flicker for a moment.
A red film seems to cover your vision as you go berserk!
You feel yourself moving faster!
You feel mighty!
The oklob sapling priest spits acid at you.
The splash of acid hits you!! The acid corrodes you!
You puncture the oklob sapling priest!
The oklob sapling priest is moderately damaged.
The oklob sapling priest invokes the aid of its god against you.
Something smites you!
You puncture the oklob sapling priest!
The oklob sapling priest is severely damaged.
You hit the oklob sapling priest but do no damage.
The oklob sapling priest is severely damaged.
You hit the oklob sapling priest but do no damage.
The oklob sapling priest is severely damaged.
You hit the oklob sapling priest but do no damage.
The oklob sapling priest is severely damaged.
The oklob sapling priest spits acid at you.
The splash of acid hits you!
* * * LOW HITPOINT WARNING * * *
You hit the oklob sapling priest but do no damage.
The oklob sapling priest is severely damaged.
You hit the oklob sapling priest but do no damage.
The oklob sapling priest is severely damaged.
You flicker back into view.
The oklob sapling priest calls down the wrath of its god upon you.
Something smites you!
You die...

########################
÷...#.....#.⌠._._._._.⌠.
....'.#...'.._._@_._._..
....#.#...#..._._P_._...
########+##.._._._._._..
#._._._._._.⌠.
##############


You could see an oklob sapling priest.

Vanquished Creatures
  A scorpion (D)
  An oklob sapling (D)
  A river rat (D)
  A rat (D)
4 creatures vanquished.

Notes
Turn   | Place    | Note
-------+----------+-------------------------------------------
     0 | D        | boopmooplesden the Demonspawn Berserker began the quest for
                  | the Orb.
     0 | D        | Reached XP level 1. HP: 18/18 MP: 1/1
    11 | D        | Reached skill level 4 in Fighting
    11 | D        | Gained mutation: You are partially covered in sharp spines.
                  | [demonic ancestry]
    11 | D        | Reached XP level 2. HP: 25/25 MP: 2/2
   154 | D        | Noticed an oklob sapling
   158 | D        | Killed an oklob sapling
   158 | D        | Reached ** piety under Trog
   159 | D        | Reached XP level 3. HP: 14/32 MP: 3/3
   339 | D        | Noticed a scorpion
   339 | D        | Found the amulet of invisibility {+Inv}
   345 | D        | Killed a scorpion
   346 | D        | Reached skill level 6 in Fighting
   346 | D        | Reached skill level 5 in Polearms
   346 | D        | Reached XP level 4. HP: 40/40 MP: 4/4
   393 | D        | Found an opulent altar of Gozag.
   393 | D        | Found a hazy altar of Hepliaklqana.
   393 | D        | Found a snail-covered altar of Cheibriados.
   394 | D        | Found a viscous altar of Jiyva.
   394 | D        | Found a burning altar of Makhleb.
   394 | D        | Found a sparkling altar of Nemelex Xobeh.
   394 | D        | Found a sacrificial altar of Ru.
   394 | D        | Found a shimmering blue altar of Sif Muna.
   394 | D        | Found a bloodstained altar of Trog.
   394 | D        | Found an ornate altar of the Wu Jian Council.
   394 | D        | Found a shimmering altar of Xom.
   394 | D        | Found a basalt altar of Yredelemnul.
   395 | D        | Found an iron altar of Okawaru.
   395 | D        | Found a shadowy altar of Dithmenos.
   396 | D        | Found an ancient bone altar of Kikubaaqudgha.
   396 | D        | Found a hide-covered altar of Uskayaw.
   397 | D        | Found a stormy altar of Qazlal.
   398 | D        | Found a corrupted altar of Lugonu.
   398 | D        | Found a radiant altar of Vehumet.
   408 | D        | Killed from afar by an oklob sapling priest

Illustrated notes

Levels and vault maps discovered:
D:        dungeon_sprint_fedhas [sprint_temple]

Skill      XL: |  1  2  3 |
---------------+----------+-----
Fighting       | 4 6 |  6.0
Polearms       | 3 4 5 |  5.7
Armour         | 2 3 |  3.0
Dodging        | 2 3 |  3.0
Stealth        | |  0.1

Action                     |  1- 3 |  4- 6 || total
---------------------------+-------+-------++-------
  Melee: Spear             |    12 |     7 ||    19
 Invoke: Berserk           |     3 |     1 ||     4
Ability: Evoke Invisibilit |       |     1 ||     1
  Dodge: Dodged            |     3 |       ||     3
